Map: Rainfall LE

Players

snotlout

  • Race: Protoss Protoss
  • League: Master
  • Spawn Location: 11:00

RipNHammer - Winner!

  • Race: Terran Terran
  • League: Master
  • Spawn Location: 5:00

VOD

Have the link to the VOD?

Description

Time

  • Played on: Sept. 5, 2026, 3:33 p.m.
  • Length: 17:25
Show
View Real Time Build Order
Export as new Build Order

snotlout Protoss 

Build Orders:  

Get SALT Encoding   

  8  0:00  Probe (Chrono Boost)  
  9  0:12  Probe (Chrono Boost)  
  10  0:17  Probe (Chrono Boost)  
  11  0:27  Probe  
  12  0:35  Pylon  
  12  0:39  Probe  
  13  0:53  Probe (Chrono Boost)  
  14  1:00  Gateway  
  14  1:05  Probe (Chrono Boost)  
  14  1:09  Assimilator  
  15  1:14  Probe (Chrono Boost)  
  16  1:19  Probe  
  17  1:32  Probe  
  18  1:48  Nexus  
  18  1:59  Cybernetics Core  
  18  2:05  Pylon  
  18  2:11  Pylon  
  18  2:15  Probe  
  19  2:27  Probe  
  20  2:34  Stalker (Chrono Boost)  
  20  2:36  Warp Gate  
  22  2:40  Probe  
  22  2:41  Pylon  
  23  2:46  Assimilator  
  23  2:52  Probe  
  23  2:54  Stalker  
  25  3:07  Probe (Chrono Boost)  
  25  3:11  Probe (Chrono Boost)  
  27  3:18  Probe (Chrono Boost)  
  29  3:21  Probe (Chrono Boost)  
  29  3:23  Sentry  
  29  3:24  Probe  
  32  3:31  Probe  
  33  3:36  Probe  
  34  3:43  Probe  
  34  3:48  Twilight Council, Probe  
  35  3:55  Probe  
  37  4:00  Probe  
  40  4:03  Pylon  
  38  4:13  Nexus  
  38  4:17  Probe x2  
  38  4:21  Stalker (Chrono Boost)  
  38  4:23  Charge (Chrono Boost)  
  44  4:31  Stalker (Chrono Boost)  
  44  4:41  Shield Battery, Sentry  
  46  4:47  Gateway x2  
  46  4:50  Gateway  
  46  4:51  Gateway  
  46  4:53  Stalker  
  49  5:00  Probe  
  50  5:11  Nexus  
  49  5:16  Probe x2  
  49  5:20  Pylon  
  51  5:24  Sentry  
  51  5:28  Probe x2  
  55  5:39  Zealot  
  55  5:40  Zealot x2, Probe  
  55  5:42  Zealot  
  65  5:48  Pylon, Zealot  
  66  6:06  Zealot x4, Forge  
  74  6:23  Zealot x2, Sentry  
  74  6:24  Pylon  
  80  6:28  Zealot  
  80  6:29  Cybernetics Core  
  82  6:33  Pylon  
  80  6:42  Zealot x4  
  80  6:48  Pylon  
  74  6:55  Zealot (Chrono Boost)  
  74  6:57  Zealot x3 (Chrono Boost)  
  74  7:00  Protoss Ground Weapons Level 1  
  74  7:07  Zealot (Chrono Boost)  
  74  7:08  Zealot (Chrono Boost)  
  74  7:13  Zealot  
  74  7:14  Zealot  
  70  7:20  Zealot x2  
  65  7:29  Zealot  
  57  7:30  Zealot  
  57  7:33  Zealot  
  57  7:37  Probe x2  
  44  7:59  Zealot (Chrono Boost)  
  44  8:00  Zealot x2 (Chrono Boost)  
  44  8:01  Zealot (Chrono Boost)  
  42  8:13  Zealot (Chrono Boost)  
  42  8:14  Sentry (Chrono Boost)  
  42  8:18  Sentry (Chrono Boost)  
  42  8:19  Zealot (Chrono Boost)  
  40  8:20  Zealot (Chrono Boost)  
  40  8:26  Probe x3  
  47  8:30  Sentry x2  
  47  8:33  Zealot  
  51  8:44  Zealot x2  
  53  8:50  Zealot x2  
  53  8:55  Probe x2  
  59  8:56  Probe  
  59  9:00  Sentry  
  59  9:01  Sentry  
  59  9:02  Protoss Ground Armor Level 1 (Chrono Boost)  
  64  9:06  Zealot  
  66  9:17  Sentry, Zealot x2  
  66  9:20  Probe x2  
  66  9:23  Probe  
  75  9:27  Colossus  
  75  9:28  Colossus  
  75  9:29  Colossus  
  75  9:36  Zealot x2  
  75  9:37  Zealot x2  
  83  9:46  Probe  
  83  9:47  Probe  
  83  9:49  Probe  
  83  9:50  Zealot x2  
  90  9:56  Zealot x2  
  94  10:02  Templar Archives  
  94  10:04  Probe  
  95  10:11  Pylon  
  95  10:29  Probe x2  
  95  10:32  Zealot x4  
  95  10:35  Psionic Storm  
  103  10:45  Pylon  
  103  10:54  Probe x2, Protoss Ground Weapons Level 2 (Chrono Boost)  
  103  11:03  Zealot x2, Probe  
  108  11:10  Zealot  
  110  11:20  Zealot  
  110  11:22  Zealot  
  110  11:28  Zealot  
  110  11:29  Pylon  
  110  11:30  Pylon, Zealot  
  110  11:32  Pylon  
  107  11:34  Zealot  
  107  11:35  Probe x2 (Chrono Boost), Zealot  
  107  11:36  Probe (Chrono Boost)  
  102  11:42  Zealot  
  102  11:44  Zealot  
  102  11:47  Assimilator, Probe (Chrono Boost), Zealot  
  103  11:48  Probe x2 (Chrono Boost)  
  107  11:55  Probe x3 (Chrono Boost)  
  106  12:01  Probe (Chrono Boost)  
  106  12:02  Probe x2 (Chrono Boost)  
  97  12:13  Probe (Chrono Boost)  
  97  12:14  Probe x2 (Chrono Boost)  
  99  12:19  Probe (Chrono Boost)  
  99  12:20  Probe x2 (Chrono Boost)  
  102  12:24  Pylon  
  102  12:27  Probe  
  102  12:28  Probe  
  104  12:33  Photon Cannon  
  104  12:34  High Templar x2  
  104  12:35  Zealot x2  
  112  12:38  Probe  
  112  12:40  Probe  
  112  12:41  Probe  
  115  12:48  Zealot  
  117  13:11  Blink, Stalker x4  
  125  13:18  Assimilator  
  125  13:20  Pylon  
  125  13:31  Zealot x4  
  112  13:44  Zealot x2  
  112  13:45  Zealot  
  118  13:55  Photon Cannon  
  115  13:56  Probe x3  
  116  14:04  Photon Cannon  
  116  14:06  Protoss Ground Weapons Level 3 (Chrono Boost)  
  116  14:08  Probe  
  117  14:10  Probe  
  117  14:14  Probe  
  119  14:20  Probe  
  106  14:30  Stalker  
  108  14:33  Probe  
  108  14:34  Probe x2  
  111  14:42  Stalker  
  111  14:44  High Templar  
  115  14:46  Zealot  
  115  14:51  Probe  
  115  14:52  Probe  
  119  14:58  Photon Cannon  
  119  14:59  Probe  
  120  15:04  Probe  
  121  15:07  Probe  
  121  15:11  Probe  
  123  15:21  Zealot x3  
  129  15:25  Pylon  
  124  15:34  Zealot x2  
  58  15:57  Zealot x3  
  58  15:59  Zealot  
  30  16:48  Probe (Chrono Boost)  
Show
View Real Time Build Order
Export as new Build Order

RipNHammer Terran - Winner!

Build Orders: Reaper Expand 

Get SALT Encoding   

  8  0:00  SCV  
  9  0:12  SCV  
  10  0:24  SCV  
  11  0:37  SCV  
  11  0:39  Supply Depot  
  12  0:49  SCV  
  13  1:01  SCV  
  13  1:03  Barracks  
  14  1:06  Refinery  
  14  1:13  SCV  
  15  1:25  SCV  
  16  1:37  SCV  
  17  1:51  Reaper  
  17  1:53  Orbital Command  
  18  2:09  Command Center  
  18  2:18  SCV  
  19  2:28  Barracks  
  19  2:30  SCV  
  19  2:34  Supply Depot  
  19  2:36  Barracks Reactor  
  20  2:43  SCV  
  21  2:51  Barracks  
  21  2:55  SCV  
  22  3:08  SCV  
  23  3:13  Marine x2  
  23  3:17  Barracks Tech Lab  
  25  3:23  Bunker  
  25  3:25  SCV  
  26  3:32  Orbital Command  
  26  3:36  Marine x2  
  26  3:37  Stimpack  
  26  3:39  SCV  
  29  3:47  Barracks Tech Lab  
  28  3:51  SCV  
  28  3:55  Marine x2  
  29  3:56  Marine  
  29  3:59  SCV  
  33  4:03  SCV  
  33  4:04  Combat Shield  
  33  4:05  Marine  
  35  4:13  Marine  
  36  4:17  Marine x2  
  36  4:20  SCV x2  
  36  4:23  Marine  
  41  4:27  Supply Depot  
  41  4:28  Supply Depot  
  41  4:32  SCV  
  41  4:34  Engineering Bay  
  41  4:36  Marine, Marauder  
  41  4:37  Marine  
  45  4:38  SCV  
  46  4:45  SCV  
  46  4:49  Marauder  
  46  4:50  SCV  
  50  4:53  Supply Depot  
  50  4:55  Marine x2  
  50  4:56  Supply Depot  
  50  4:59  Marauder  
  54  5:04  Missile Turret  
  54  5:05  SCV  
  54  5:06  SCV  
  56  5:11  Marauder  
  58  5:15  Marine  
  58  5:17  Marine, SCV, Concussive Shells  
  58  5:21  SCV  
  62  5:28  Marauder  
  64  5:32  Marine x2  
  66  5:41  SCV  
  66  5:42  SCV, Marine  
  69  5:44  Terran Infantry Weapons Level 1  
  69  5:49  Marauder  
  71  5:50  Marauder  
  71  5:54  SCV x2, Supply Depot  
  75  6:06  SCV x2  
  77  6:14  Marine x2, Marauder  
  77  6:18  SCV x2  
  83  6:29  Bunker  
  83  6:31  Bunker  
  83  6:36  Marine x2, Marauder  
  80  6:58  Marine x3  
  80  6:59  Marauder  
  70  7:14  SCV  
  70  7:15  SCV  
  70  7:16  Marine x2  
  70  7:17  Marauder  
  70  7:19  Marine  
  74  7:27  SCV x2  
  69  7:34  Marine  
  66  7:38  Marauder  
  54  7:56  Marine  
  54  7:57  Marauder  
  57  8:01  Marine  
  57  8:02  Marauder  
  57  8:14  Marine, SCV x2  
  57  8:18  Marauder  
  57  8:19  Marine  
  62  8:23  Marine  
  62  8:26  SCV  
  61  8:27  SCV  
  61  8:29  Terran Infantry Armor Level 1  
  61  8:30  Barracks, Refinery x2, Factory  
  61  8:31  Barracks  
  61  8:32  Marine  
  63  8:37  Marine  
  63  8:39  Marine  
  63  8:40  Marine  
  58  8:50  Marine, SCV  
  58  8:52  Refinery, SCV  
  58  8:55  Marine  
  62  8:57  Marauder  
  62  8:58  Marine  
  62  9:00  Engineering Bay  
  65  9:03  SCV  
  65  9:04  SCV  
  67  9:15  SCV  
  67  9:16  SCV  
  69  9:17  Factory Reactor  
  69  9:18  Starport, Command Center, Barracks Reactor  
  69  9:20  Barracks Reactor  
  69  9:23  Barracks  
  69  9:24  Marine x3  
  69  9:27  SCV  
  69  9:28  SCV  
  69  9:31  Armory  
  74  9:39  SCV  
  74  9:41  SCV  
  74  9:43  Marine x2  
  74  9:44  Marauder  
  80  9:46  Supply Depot  
  80  9:48  Supply Depot  
  80  9:49  Supply Depot, Marauder  
  80  9:51  SCV  
  83  9:53  SCV  
  83  9:56  Supply Depot  
  84  10:01  Marine  
  84  10:02  Barracks  
  84  10:03  Marine x4, SCV  
  84  10:05  Factory Tech Lab  
  90  10:07  Marine, Medivac x2  
  90  10:08  SCV  
  90  10:14  Barracks Tech Lab  
  96  10:15  SCV  
  96  10:17  Marine  
  96  10:18  Marauder  
  96  10:19  Marine, Missile Turret  
  96  10:20  SCV, Ghost Academy  
  102  10:23  Supply Depot  
  102  10:24  Terran Infantry Weapons Level 2  
  102  10:25  Supply Depot  
  102  10:27  SCV  
  103  10:37  Viking x2  
  103  10:38  Orbital Command  
  103  10:41  Supply Depot  
  105  10:52  Marine x2  
  106  11:05  Marine  
  106  11:06  Marine, Marauder  
  106  11:07  Viking x2  
  106  11:08  Widow Mine  
  106  11:09  Drilling Claws  
  114  11:33  Orbital Command  
  111  11:51  Supply Depot  
  111  11:53  Marine, Supply Depot, SCV x2  
  111  11:54  Marauder x2, Widow Mine  
  120  12:04  Marine x2  
  120  12:08  SCV  
  124  12:15  Widow Mine  
  124  12:24  Marine  
  124  12:27  Missile Turret  
  125  12:31  Medivac  
  125  12:32  SCV  
  125  12:35  Refinery  
  128  12:40  Supply Depot  
  128  12:41  Orbital Command  
  128  12:43  Supply Depot  
  128  12:50  Medivac  
  130  13:02  SCV, Engineering Bay  
  130  13:04  Supply Depot  
  131  13:07  Refinery  
  131  13:08  Refinery  
  131  13:09  Armory  
  131  13:19  Marine  
  134  13:20  Marauder, SCV  
  131  13:33  Orbital Command, Marine  
  130  13:34  Marauder  
  130  13:35  Marine x4, Marauder  
  130  13:39  Marine  
  130  13:41  Marauder  
  139  13:47  Marine  
  140  13:51  Marine  
  140  13:52  Marine  
  140  13:53  Medivac  
  146  13:55  Marauder  
  146  13:57  Marauder  
  146  14:03  SCV x3  
  149  14:15  SCV, Marauder  
  149  14:17  SCV  
  153  14:24  Marine  
  153  14:25  Marauder  
  153  14:26  Widow Mine  
  158  14:34  Supply Depot x2  
  158  14:43  Marine  
  158  14:44  Marauder, Medivac  
  158  14:45  SCV  
  164  14:50  Sensor Tower  
  164  14:51  Marine, Marauder  
  167  14:55  Medivac  
  167  14:59  Supply Depot  
  169  15:01  Supply Depot  
  169  15:09  Missile Turret  
  169  15:11  Marine  
  169  15:12  Marine, Marauder x2  
  169  15:20  Marine, Marauder  
  163  15:28  Marine  
  163  15:30  Marine  
  163  15:33  Marauder  
  163  15:34  Marine  
  167  15:35  Marine  
  167  15:37  Marauder  
  167  15:38  Marine  
  167  15:42  Marine  
  166  15:43  Marauder  
  166  15:48  Marine  
  145  15:51  Marine  
  145  15:55  Marauder  
  128  15:58  Marauder  
  128  16:00  Marine  
  112  16:17  Orbital Command  
  106  16:29  Orbital Command  
  106  16:55  Marine  
  106  16:57  SCV  
Tags
 
Matchup
PvT
Replay Pack
RipNHammer
Spawn Locations
Cross Positions
Add a new tag
Caveats
  • Supply blocks, unpowered buildings, or Contaminate may cause inaccurate times.
  • Supply counts are checked every 10 seconds.